 Dungeon Crawl Stone Soup version 0.25.1-2-g60ff931df9 (webtiles) character file.

Game seed: 18446279701929732917

12672 Delamore the Basher (level 11, -2/63 HPs)
             Began as a Gargoyle Fighter on Sept 12, 2020.
             Was a High Priest of Okawaru.
             Slain by an eight-headed hydra (7 damage)
             ... on level 3 of the Lair of Beasts.
             The game lasted 00:12:39 (12306 turns).

Delamore the Basher (Gargoyle Fighter)             Turns: 12306, Time: 00:12:40

Health: -2/63      AC: 28    Str: 22    XL:     11   Next: 97%
Magic:  9/11       EV:  8    Int: 10    God:    Okawaru [*****.]
Gold:   793        SH: 15    Dex:  9    Spells: 10/10 levels left

rFire    . . .     SeeInvis +   h - +2 whip (flame)
rCold    . . .     Gourm    .   c - +0 kite shield
rNeg     + + .     Faith    .   I - +3 plate armour
rPois    ∞         Spirit   .   a - +2 helmet {SInv}
rElec    +         Reflect  .   (no cloak)
rCorr    .         Harm     .   (no gloves)
MR       +....                  (no boots)
Stlth    ..........             q - amulet of regeneration
HPRegen  0.60/turn              w - ring of protection from magic
MPRegen  0.12/turn              P - ring of positive energy

@: heroism
A: negative energy resistance 1, electricity resistance, unbreathing,
petrification resistance, rot immunity, AC +8
a: Heroism, Finesse, Renounce Religion


You were on level 3 of the Lair of Beasts.
You worshipped Okawaru.
Okawaru was extremely pleased with you.
You were not hungry.

You visited 4 branches of the dungeon, and saw 14 of its levels.
You also visited: Sewer.

You collected 793 gold pieces.

Inventory:

Hand Weapons
 h - a +2 whip of flaming (weapon)
 F - a +2 flail of holy wrath
Missiles
 v - 28 poisoned darts
 H - 2 atropa-tipped darts (quivered)
 R - 2 throwing nets
Armour
 a - a +2 helmet of see invisible (worn)
 c - a +0 kite shield (worn)
 I - a +3 plate armour (worn)
Jewellery
 i - an uncursed amulet of faith
 q - an amulet of regeneration (around neck)
 s - a +6 ring of intelligence
 w - a ring of protection from magic (left hand)
 M - an uncursed ring of attention
 P - a ring of positive energy (right hand)
Wands
 m - a wand of polymorph (6)
 p - a wand of digging (24)
 J - a wand of acid (15)
 O - a wand of random effects (41)
Scrolls
 b - a scroll of silence
 e - 2 scrolls of remove curse
 k - 3 scrolls of fear
 l - 3 scrolls of magic mapping
 o - 3 scrolls of immolation
 u - 2 scrolls of amnesia
 x - a scroll of teleportation
 y - 2 scrolls of blinking
 B - a scroll of random uselessness
 G - 2 scrolls of torment
 N - a scroll of fog
 Q - a scroll of enchant armour {unknown}
 S - a scroll of brand weapon {unknown}
Potions
 d - 3 potions of might
 g - a potion of heal wounds
 j - 6 potions of curing
 n - 2 potions of lignification {unknown}
 t - 3 potions of brilliance {unknown}
 z - 2 potions of berserk rage {unknown}
 A - 4 potions of stabbing {unknown}
 C - a potion of mutation {unknown}
 D - 2 potions of degeneration {unknown}
 E - a potion of magic {unknown}
 K - 2 potions of invisibility {unknown}
 L - a potion of resistance {unknown}
Comestibles
 f - 32 rations
 r - 7 chunks of flesh


   Skills:
 - Level 5.0(10.0) Fighting
 - Level 14.0(19.0) Maces & Flails
 - Level 3.2(8.2) Armour
 + Level 12.8(17.8) Shields


You had 10 spell levels left.
You didn't know any spells.
Your spell library contained the following spells:

 Spells                   Type           Power        Failure   Level  Hunger
 Foxfire                  Conj/Fire      #...         99%         1    ##.....
 Conjure Flame            Conj/Fire      #.......     100%        3    ####...
 Inner Flame              Hex/Fire       #.......     100%        3    ####...
 Recall                   Summ/Tloc      N/A          100%        3    ####...
 Animate Dead             Necr           N/A          100%        4    #####..
 Sticky Flame             Conj/Fire      #.......     100%        4    #####..
 Borgnjor's Vile Clutch   Necr/Erth      #.........   100%        5    ######.
 Fireball                 Conj/Fire      #.........   100%        5    ######.
 Death Channel            Necr           #.........   100%        6    #######
 Simulacrum               Ice/Necr       #.........   100%        6    #######


Dungeon Overview and Level Annotations

Branches:
Dungeon (9/15)             Temple (1/1) D:7            Lair (3/6) D:9
 Shoals (0/4) Lair:2       Spider (1/4) Lair:2        Sewer (visited)
    Orc: D:9-12

Altars:
Ashenzari
Cheibriados
Dithmenos
Elyvilon
Fedhas
Gozag
Hepliaklqana
Kikubaaqudgha
Makhleb
Nemelex Xobeh
Okawaru
Qazlal
Ru
Sif Muna
Trog
Uskayaw
Vehumet
Wu Jian
Xom
Yredelemnul
Zin
The Shining One

Shops:
D:6 (

Annotations:
D:7 2 transporters, ANNNA's ghost, novice KoWz


Innate Abilities, Weirdness & Mutations

You are resistant to torment.
Your stone body is resilient. (AC +8)
You are immune to poison.
You resist negative energy. (rN+)
You are resistant to electric shocks. (rElec)
You can survive without breathing.
You are immune to petrification.
You are immune to rotting.


Message History

The eight-headed hydra bites you.
* * * LOW HITPOINT WARNING * * *
The eight-headed hydra barely misses you.
The eight-headed hydra bites you but does no damage.
You block the eight-headed hydra's attack.
You hit the eight-headed hydra. You burn the eight-headed hydra.
The eight-headed hydra is severely wounded.
The spiny frog stings you.
* * * LOW HITPOINT WARNING * * *
You completely miss the eight-headed hydra.
The eight-headed hydra is severely wounded.
The eight-headed hydra bites you.
* * * LOW HITPOINT WARNING * * *
The eight-headed hydra bites you but does no damage.
You block the eight-headed hydra's attack.
The eight-headed hydra bites you but does no damage. x2
You block the eight-headed hydra's attack.
The eight-headed hydra bites you but does no damage.
The eight-headed hydra bites you!
You die...

......####### .
......#.P#P.#####.......
.
........................
.
........................
.........##.#^..........
..........#..##.........
.##.....................
###......##....F........
..#............D@......#
.#........#.............
.........#...#........#.
..#.......#.............
.#.......###.##.......#.
.#.. .... ...#..........
P##.. .. ...............
............... ...
.......


You could see an eight-headed hydra and a spiny frog.

Vanquished Creatures
  A two-headed ogre (D:9)
  2 merfolk sirens (Lair:2)
  2 black mambas (Lair:2)
  2 spiny frogs
  A rime drake (Lair:2)
  A komodo dragon (Lair:1)
  2 merfolk (Lair:2)
  A queen bee (D:8)
  A troll (D:9)
  4 blink frogs (Lair:3)
  2 hippogriffs
  Sigmund (D:6)
  A tarantella (Lair:2)
  A basilisk (Lair:1)
  9 yaks
  Menkaure (D:5)
  Edmund (D:6)
  6 water moccasins
  5 porcupines
  6 sky beasts
  4 orc warriors
  A black bear (D:7)
  3 wolves (Lair:3)
  2 ogres (D:8)
  2 centaurs
  A phantom (D:4)
  3 crocodiles
  Blork the orc (D:6)
  9 bullfrogs
  3 scorpions
  23 killer bees
  2 crimson imps
  A bullfrog zombie (D:6)
  2 hounds
  2 orc priests
  Ijyb (D:3)
  A centaur skeleton (D:8)
  Jessica (D:2)
  2 bullfrog skeletons
  2 iguanas
  4 worker ants
  3 orc wizards
  2 hound zombies
  A worker ant zombie (D:7)
  18 adders
  A river rat (D:4)
  5 shadow imps
  2 oozes
  An adder skeleton (D:4)
  6 worms
  6 dart slugs
  4 leopard geckos
  18 orcs
  5 bats
  16 giant cockroaches
  11 goblins
  4 hobgoblins (D:1)
  8 jackals
  5 quokkas
  4 ball pythons
  10 frilled lizards
  9 kobolds
  2 leopard gecko skeletons
  A quokka zombie (D:8)
  11 rats
273 creatures vanquished.

Notes
Turn   | Place    | Note
-------+----------+-------------------------------------------
     0 | D:1      | Delamore the Gargoyle Fighter began the quest for the Orb.
     0 | D:1      | Reached XP level 1. HP: 14/14 MP: 1/1
    50 | D:1      | Reached XP level 2. HP: 16/19 MP: 2/2
   496 | D:1      | Reached XP level 3. HP: 24/24 MP: 3/3
  1182 | D:2      | Reached XP level 4. HP: 16/29 MP: 4/4
  1645 | D:2      | Noticed Jessica
  1652 | D:2      | Killed Jessica
  1652 | D:2      | Reached skill level 3 in Maces & Flails
  1759 | D:2      | Found a faded altar of an unknown god.
  1836 | D:2      | Reached XP level 5. HP: 34/34 MP: 5/5
  2386 | D:3      | Noticed Ijyb
  2411 | D:3      | Killed Ijyb
  2597 | D:3      | Found an ornate altar of the Wu Jian Council.
  3216 | D:4      | Reached XP level 6. HP: 32/40 MP: 6/6
  3220 | D:4      | Reached skill level 5 in Shields
  3230 | D:4      | Reached skill level 5 in Fighting
  3300 | D:4      | Reached skill level 4 in Maces & Flails
  3310 | D:4      | Found a glowing drain.
  3317 | Sewer    | Entered a sewer
  3586 | Sewer    | Reached skill level 5 in Maces & Flails
  3586 | Sewer    | Reached XP level 7. HP: 44/44 MP: 7/7
  4212 | D:4      | Reached skill level 6 in Maces & Flails
  4387 | D:4      | Got a shimmering ring mail
  4398 | D:4      | Identified the cursed +1 ring mail of Xinel {+Inv rPois rF-
                  | rC++} (You found it on level 4 of the Dungeon)
  5022 | D:5      | Entered Level 5 of the Dungeon
  5181 | D:5      | Reached skill level 7 in Maces & Flails
  5252 | D:5      | Reached XP level 8. HP: 49/49 MP: 8/8
  5337 | D:5      | Noticed Menkaure
  5345 | D:5      | Killed Menkaure
  5345 | D:5      | Reached skill level 8 in Maces & Flails
  5740 | D:5      | Found a burning altar of Makhleb.
  5746 | D:5      | Found a stormy altar of Qazlal.
  6039 | D:6      | Found Yplemutt's Weapon Shoppe.
  6368 | D:6      | Reached skill level 9 in Maces & Flails
  6391 | D:6      | Noticed Blork the orc
  6399 | D:6      | Noticed Edmund
  6407 | D:6      | Killed Blork the orc
  6437 | D:6      | Killed Edmund
  6437 | D:6      | Reached skill level 10 in Maces & Flails
  6437 | D:6      | Reached XP level 9. HP: 54/54 MP: 9/9
  6447 | D:6      | Noticed Sigmund
  6458 | D:6      | Killed Sigmund
  6808 | D:7      | Found a transporter.
  6816 | D:7      | Noticed ANNNA's ghost (novice KoWz)
  6834 | D:7      | Found a transporter.
  6851 | D:7      | Found a sacrificial altar of Ru.
  6852 | D:7      | Found a shimmering altar of Xom.
  6852 | D:7      | Found a snail-covered altar of Cheibriados.
  6852 | D:7      | Found a basalt altar of Yredelemnul.
  6853 | D:7      | Found a glowing silver altar of Zin.
  6984 | D:6      | Reached skill level 11 in Maces & Flails
  7167 | D:7      | Found a staircase to the Ecumenical Temple.
  7184 | Temple   | Entered the Ecumenical Temple
  7255 | Temple   | Became a worshipper of Warmaster Okawaru
  8164 | D:8      | Reached * piety under Okawaru
  8286 | D:8      | Reached skill level 12 in Maces & Flails
  8390 | D:8      | Noticed a queen bee
  8425 | D:8      | Killed a queen bee
  8425 | D:8      | Reached XP level 10. HP: 48/59 MP: 10/10
  8570 | D:8      | Reached skill level 13 in Maces & Flails
  8778 | D:8      | Found an opulent altar of Gozag.
  8931 | D:8      | Reached ** piety under Okawaru
  8977 | D:9      | Noticed a two-headed ogre
  9245 | D:9      | Got a faintly glowing plate armour
  9256 | D:9      | Identified the +3 plate armour of Freedom {*Slow Str+2
                  | Int+3} (You found it on level 9 of the Dungeon)
  9512 | D:9      | Killed a two-headed ogre
  9512 | D:9      | Reached *** piety under Okawaru
  9512 | D:9      | Reached skill level 14 in Maces & Flails
  9611 | D:9      | Found a staircase to the Lair.
  9764 | D:9      | Reached **** piety under Okawaru
  9784 | D:9      | Found a blossoming altar of Fedhas.
  9834 | D:8      | Reached XP level 11. HP: 37/63 MP: 11/11
  9967 | D:9      | Found a shattered altar of Ashenzari.
  9970 | D:9      | Found a bloodstained altar of Trog.
  9973 | D:9      | Found a radiant altar of Vehumet.
 10151 | Lair:1   | Entered Level 1 of the Lair of Beasts
 10525 | Lair:1   | Reached skill level 10 in Shields
 10815 | Lair:2   | Found a hole to the Spider Nest.
 11049 | Lair:2   | Reached ***** piety under Okawaru
 11133 | Lair:2   | Found a staircase to the Shoals.
 11838 | Spider:1 | Entered Level 1 of the Spider Nest
 11942 | Lair:3   | Noticed a five-headed hydra
 11949 | Lair:3   | Noticed an eight-headed hydra
 12306 | Lair:3   | Slain by an eight-headed hydra

Illustrated notes

Levels and vault maps discovered:
D:1:      sevenhm_arrival_forest_fort_small_5, layout_basic
D:2:      layout_loops_corners, chequers_ecumenical_altar_simple, uniq_jessica
D:3:      layout_loops_corners, marbit_many_paths, first_ration, uniq_ijyb
D:4:      layout_layer_cave, lightli_sewer_entry_pipes
D:5:      layout_loops_cross, minitemple, chequers_serial_rivers_micro_e,
          uniq_menkaure
D:6:      layout_loops_ring, serial_shops, shop, uniq_blork_the_orc,
          uniq_sigmund, uniq_edmund
D:7:      layout_loops_corners, grunt_temple_overflow_open,
          minmay_temple_entry_ruins, gammafunk_ghost_arena
D:8:      layout_cave_pods, nicolae_gozag_cash_rules_everything_around_me,
          david_nohive_1
D:9:      layout_cave_pools, grunt_temple_overflow_diamond, lair_entry_dummy,
          minmay_holes, fedhas_altar_2
Temple:   cyrus_temple_forest
Lair:1:   layout_misc_corridors, grunt_megastairs_3, lemuel_fruit_fields
Lair:2:   layout_regular_city, elwin_shoals_entry_stream,
          spider_nest_entry_rubble, infiniplex_staircase_pool_2
Lair:3:   layout_regular_city
Spider:1: layout_chambers, nicolae_spider_nook, uniq_kirke, uniq_roxanne

Skill      XL: |  1  2  3  4  5  6  7  8  9 10 11 |
---------------+----------------------------------+-----
Fighting       | 4 5 |  5.0
Shields        | 4 5 8 12 | 12.8
Maces & Flails | 3 5 7 10 12 14 | 14.0
Armour         | |  3.2

Action                   |  1- 3 |  4- 6 |  7- 9 | 10-12 || total
-------------------------+-------+-------+-------+-------++-------
Melee: Flail             |    17 |       |       |       ||    17
       Whip              |    91 |   319 |   645 |   739 ||  1794
Throw: Dart              |       |       |     2 |     6 ||     8
Invok: Heroism           |       |       |       |     1 ||     1
Evoke: Wand              |       |       |       |     3 ||     3
  Use: Scroll            |       |     7 |     3 |     9 ||    19
       Potion            |       |       |       |     2 ||     2
 Stab: Invisible         |       |       |     2 |       ||     2
  Eat: Chunk             |     1 |     8 |    13 |    13 ||    35
       Ration            |       |       |     1 |       ||     1
Armor: Scale mail        |    47 |    48 |       |       ||    95
       Chain mail        |       |   126 |   122 |       ||   248
       Plate armour      |       |       |   129 |   317 ||   446
Dodge: Dodged            |    26 |    65 |    64 |    97 ||   252
Block: Kite shield       |    50 |   118 |   208 |   285 ||   661
